Map: Dusk Towers

Players

LoraX - Winner!

  • Race: Terran Terran
  • League: Master

xKawaiian

  • Race: Terran Terran
  • League: Master

VOD

Have the link to the VOD?

Description

Time

  • Played on: Jan. 13, 2016, 4:58 p.m.
  • Length: 8:23
Show
View Real Time Build Order
Export as new Build Order

LoraX Terran - Winner!

Build Orders: 1/1/1, Hellion Banshee, MMM Bio 

Get SALT Encoding   

  12  0:00  SCV  
  13  0:13  SCV  
  14  0:17  Supply Depot  
  14  0:25  SCV  
  15  0:31  Refinery  
  15  0:39  SCV  
  16  0:45  Barracks  
  16  0:51  SCV  
  17  0:57  Refinery  
  17  1:03  SCV  
  18  1:15  SCV  
  19  1:27  SCV  
  19  1:32  Factory  
  20  1:37  Reaper  
  21  1:40  Orbital Command  
  21  1:47  Supply Depot  
  21  2:05  SCV  
  22  2:09  Reaper  
  23  2:16  Hellion, Starport  
  23  2:20  SCV  
  26  2:32  SCV  
  27  2:41  Supply Depot  
  27  2:42  Hellion  
  29  2:45  Barracks Tech Lab  
  29  2:47  SCV  
  30  2:59  SCV  
  31  3:06  Factory Reactor  
  31  3:08  Cloaking Field  
  31  3:09  Banshee  
  31  3:11  Barracks Tech Lab  
  34  3:16  SCV  
  34  3:18  Supply Depot  
  35  3:29  SCV  
  33  3:46  Hellion, Marauder  
  33  3:47  Hellion  
  39  3:54  Raven  
  41  3:58  SCV  
  41  4:02  Supply Depot  
  42  4:07  Barracks  
  42  4:08  Hellion  
  42  4:09  Hellion  
  46  4:10  Barracks  
  46  4:22  Supply Depot  
  48  4:24  Marauder  
  48  4:30  Hellion  
  48  4:31  Stimpack  
  48  4:54  Command Center  
  48  5:02  Viking  
  50  5:10  Marauder  
  52  5:16  Marine  
  52  5:20  Factory Tech Lab  
  53  5:30  Marine  
  53  5:33  SCV  
  52  5:45  SCV  
  52  5:46  Factory Reactor  
  52  5:48  Medivac  
  58  5:51  Barracks Reactor  
  58  5:58  SCV  
  58  5:59  Siege Tank  
  58  6:02  Marine  
  63  6:05  Marine  
  63  6:09  Orbital Command  
  64  6:15  Medivac  
  63  6:19  SCV  
  64  6:27  Barracks Reactor  
  64  6:28  Engineering Bay, Marine x2  
  64  6:31  SCV  
  67  6:38  SCV  
  68  6:41  Combat Shields  
  68  6:43  SCV  
  69  6:52  SCV  
  70  6:55  SCV  
  71  7:01  Siege Tank  
  71  7:04  SCV  
  71  7:07  SCV  
  76  7:08  Command Center  
  76  7:12  Marine x2  
  78  7:23  Supply Depot  
  78  7:25  Supply Depot  
  78  7:31  Supply Depot  
  78  7:45  SCV, Medivac x2, Marine x3  
  78  7:46  SCV, Marine x2  
  78  7:47  Supply Depot  
  78  7:49  Refinery  
  89  7:57  SCV  
  93  7:58  SCV  
  93  8:02  Marine x2  
  96  8:09  Supply Depot, SCV  
  96  8:10  SCV  
  96  8:11  Supply Depot  
Show
View Real Time Build Order
Export as new Build Order

xKawaiian Terran 

Build Orders: 1/1/1, Cyclone Opening 

Get SALT Encoding   

  12  0:00  SCV  
  13  0:13  SCV  
  14  0:17  Supply Depot  
  14  0:25  SCV  
  15  0:39  SCV, Barracks  
  16  0:46  Refinery  
  16  0:51  SCV  
  16  0:53  Refinery  
  17  1:03  SCV  
  18  1:15  SCV  
  19  1:26  Marine  
  19  1:29  Orbital Command  
  20  1:33  Factory  
  20  1:41  Supply Depot  
  20  1:46  Marine  
  21  1:55  SCV  
  22  2:04  Marine  
  22  2:07  SCV  
  24  2:18  Factory Tech Lab, Starport  
  24  2:19  SCV  
  24  2:21  Marine  
  26  2:26  Supply Depot  
  26  2:31  SCV  
  27  2:39  Cyclone  
  27  2:40  Marine  
  31  2:48  SCV  
  32  2:54  Medivac  
  34  2:58  Marine  
  34  3:00  SCV  
  34  3:03  Supply Depot  
  36  3:13  Siege Tank  
  39  3:24  Marine  
  39  3:25  SCV  
  41  3:29  Supply Depot  
  40  3:38  Liberator  
  39  3:44  Marine  
  39  3:45  Siege Tank  
  39  3:47  SCV  
  47  4:03  Command Center  
  47  4:04  SCV  
  48  4:10  Marine  
  49  4:23  Engineering Bay  
  49  4:28  Marine  
  49  4:31  SCV  
  47  4:43  SCV  
  44  4:46  Marine  
  44  4:50  Viking  
  47  4:53  Missile Turret  
  47  5:01  Missile Turret  
  47  5:03  Marine  
  47  5:06  Cyclone  
  50  5:14  SCV  
  50  5:19  Orbital Command  
  51  5:21  Missile Turret  
  51  5:29  SCV  
  53  5:41  SCV  
  50  5:45  Barracks Reactor  
  50  5:46  Starport Reactor  
  50  5:47  SCV  
  50  5:53  SCV  
  50  5:54  Barracks  
  50  5:55  Barracks  
  51  5:59  SCV  
  51  6:00  Refinery  
  52  6:05  SCV  
  52  6:08  Siege Tank  
  56  6:11  SCV  
  56  6:16  Supply Depot  
  56  6:18  SCV  
  58  6:23  SCV  
  58  6:25  Medivac, Marine  
  60  6:26  Medivac  
  60  6:30  SCV  
  66  6:35  SCV  
  66  6:37  Refinery  
  67  6:42  SCV, Barracks Tech Lab, Marine, Supply Depot, Barracks Reactor  
  67  6:45  Marine  
  69  6:48  SCV  
  69  6:51  Siege Tank  
  73  6:54  SCV  
  73  7:00  SCV, Marine x2  
  77  7:04  Marine  
  77  7:06  SCV  
  76  7:13  Barracks  
  76  7:14  Barracks  
  76  7:18  Marine x2  
  76  7:20  Marine, Medivac x2  
  83  7:25  Marine  
  83  7:26  Supply Depot  
  84  7:32  Marine  
  84  7:36  Supply Depot, Marine  
  86  7:44  Supply Depot  
  86  7:47  Supply Depot, Siege Tank, Marine  
  86  7:49  Marine  
  91  7:51  Marine  
  92  8:03  Marine  
  92  8:04  Marine x2  
Tags
 
Add a new tag
Caveats
  • Supply blocks, unpowered buildings, or Contaminate may cause inaccurate times.
  • Supply counts are checked every 10 seconds.